 Dungeon Crawl Stone Soup version 0.25-a0-287-g56a5b49892 (webtiles) character file.

Game seed: 395870572310556688, levelgen mode: deterministic

56 MoonlitKnight the Firebug (level 3, -1/19 HPs)
             Began as a Deep Elf Fire Elementalist on Dec 12, 2019.
             Slain by a worm (8 damage)
             ... on level 2 of the Dungeon.
             The game lasted 00:05:57 (1430 turns).

MoonlitKnight the Firebug (DEFE)                    Turns: 1430, Time: 00:05:58

Health: -1/19      AC:  6    Str:  6    XL:     3   Next: 71%
Magic:  14/19      EV: 13    Int: 19    God:
Gold:   60         SH:  0    Dex: 15    Spells: 2/9 levels left

rFire    . . .     SeeInvis .   h - +0 dagger
rCold    . . .     Gourm    .   (no shield)
rNeg     . . .     Faith    .   a - +0 robe
rPois    .         Spirit   .   j - +0 helmet
rElec    .         Reflect  .   (no cloak)
rCorr    .         Harm     .   r - +1 pair of gloves
MR       .....                  o - +0 pair of boots
Stlth    ++........             k - amulet of regeneration
HPRegen  0.46/turn              m - ring of magical power
MPRegen  0.16/turn              (no ring)

@: very slightly contaminated
A: no striking features
a: no special abilities


You were on level 2 of the Dungeon.
You were hungry.

You visited 1 branch of the dungeon, and saw 2 of its levels.

You collected 60 gold pieces.

Inventory:

Hand Weapons
 h - a +0 dagger (weapon)
Missiles
 n - 52 sling bullets
Armour
 a - a +0 robe (worn)
 j - a +0 helmet (worn)
 o - a +0 pair of boots (worn)
 r - a +1 pair of gloves (worn)
Jewellery
 d - an uncursed amulet of harm {unknown}
 k - an amulet of regeneration (around neck)
 m - a ring of magical power (left hand)
Scrolls
 e - a scroll of enchant weapon {unknown}
 l - a scroll of amnesia {unknown}
 p - a scroll of fear {unknown}
 q - 2 scrolls of teleportation {unknown}
Potions
 b - 2 potions of curing
 f - a potion of cancellation
 g - 2 potions of ambrosia
 s - a potion of might {unknown}
Comestibles
 c - 4 rations


   Skills:
 + Level 3.2 Dodging
 - Level 2.4 Stealth
 + Level 3.8 Spellcasting
 + Level 2.1 Conjurations
 + Level 3.9 Fire Magic


You had 2 spell levels left.
You knew the following spells:

 Your Spells              Type           Power        Failure   Level  Hunger
a - Foxfire               Conj/Fire      ###.         4%          1    None
b - Conjure Flame         Conj/Fire      ###.....     12%         3    ###....
c - Inner Flame           Hex/Fire       ##......     19%         3    ###....

Your spell library contained the following spells:

 Spells                   Type           Power        Failure   Level  Hunger
 Sticky Flame             Conj/Fire      ###.....     38%         4    ####...
 Fireball                 Conj/Fire      ###.......   75%         5    ######.


Dungeon Overview and Level Annotations

Branches:
Dungeon (2/15)

Altars:


Message History

The worm is heavily wounded.
The worm bites you.
You hit the worm but do no damage.
The worm is moderately wounded.
You hit the worm but do no damage.
The worm is moderately wounded.
The worm bites you!
* * * LOW HITPOINT WARNING * * *
You hit the worm but do no damage.
The worm is moderately wounded.
The worm barely misses you.
You hit the worm but do no damage.
The worm is moderately wounded.
Casting: Conjure Flame (safe; 12% risk of failure)
Confirm with . or Enter, or press ? or * to list all spells.
You miscast Conjure Flame.
You are very lightly contaminated with residual magic.
You smell something strange.
The worm bites you!
You die...

#.##.# #....(...# #.##.#
#..# #.##.###### #..# #.####
#.........# #.[# #....#
#..#..###>## #..# #.##.#
#..#...##..## #..#####....#
#......<..#.####...........#
#........###w....##.#.......
##........#@####............
#.....##..## ####.........
#..#.###.## ####.....#
#..### #.# ##...## #..# #.#
##.## #..# #.# ###### #.#
#..#####.# #....# #.#
#[.......# #.##.####.###
##.####### #.##>........


You could see a worm.

Vanquished Creatures
  An adder (D:2)
  2 oozes
  2 dart slugs (D:1)
  3 leopard geckos
  2 giant cockroaches (D:1)
  2 goblins
  7 hobgoblins
  4 kobolds
  5 bats
  A frilled lizard (D:1)
  2 rats
31 creatures vanquished.

Vanquished Creatures (others)
  69 foxfires
69 creatures vanquished.

Grand Total: 100 creatures vanquished

Notes
Turn   | Place    | Note
-------+----------+-------------------------------------------
     0 | D:1      | MoonlitKnight the Deep Elf Fire Elementalist began the
                  | quest for the Orb.
     0 | D:1      | Reached XP level 1. HP: 10/10 MP: 6/6
   178 | D:1      | Reached XP level 2. HP: 13/15 MP: 8/8
   924 | D:1      | Reached XP level 3. HP: 19/19 MP: 7/10
  1168 | D:2      | Learned a level 3 spell: Conjure Flame
  1172 | D:2      | Learned a level 3 spell: Inner Flame
  1430 | D:2      | Slain by a worm

Levels and vault maps discovered:
D:1:      dpeg_arrival_refuge, layout_basic
D:2:      layout_loops_ring

Skill      XL: |  1  2  3 |
---------------+----------+-----
Dodging        | 3 |  3.2
Conjurations   | 2 |  2.1
Stealth        | |  2.4
Spellcasting   | |  3.8
Fire Magic     | |  3.9

Action                   || total
-------------------------++-------
Melee: Dagger            ||    51
 Cast: Foxfire           ||    44
       Conjure Flame     ||     1
  Use: Scroll            ||     4
 Stab: Sleeping          ||     1
  Eat: Chunk             ||     1
Armor: Robe              ||     6
Dodge: Dodged            ||    39

Table legend:
 A = Non-vault XP
 B = Vault XP
 C = Vault XP percentage of total XP
 D = Non-vault monster count
 E = Vault monster count
 F = Vault count percentage of total count
                 A         B        C        D         E       F
            +---------+---------+-------+---------+---------+-------
      Total |      81 |       0 |   0.0 |      31 |       0 |   0.0
            +---------+---------+-------+---------+---------+-------
        D:1 |      45 |       0 |   0.0 |      20 |       0 |   0.0
        D:2 |      36 |       0 |   0.0 |      11 |       0 |   0.0
            +---------+---------+-------+---------+---------+-------
